 Dungeon Crawl Stone Soup version 0.29-a0-472-ge5599a681e (webtiles) character file.

Game seed: 11335651075127182194

20387 Pelinal the Geomancer (level 12, 0/59 HPs)
             Began as a Gargoyle Earth Elementalist on May 23, 2022.
             Was an Elder of Sif Muna.
             Slain by a seven-headed hydra (12 damage)
             ... on level 1 of the Lair of Beasts.
             The game lasted 00:43:01 (17256 turns).

Pelinal the Geomancer (GrEE)                       Turns: 17256, Time: 00:43:02

Health: 0/59       AC: 17    Str: 19    XL:     12   Next: 79%
Magic:  5/19       EV: 14    Int: 20    God:    Sif Muna [****..]
Gold:   644        SH:  8    Dex: 16    Spells: 11/21 levels left

rFire   . . .      SeeInvis .   Q - +1 dagger (venom)
rCold   . . .      Faith    +   k - +2 buckler
rNeg    + . .      Spirit   .   F - +0 steam dragon scales
rPois   ∞          Reflect  .   (no helmet)
rElec   +          Harm     .   i - +0 cloak
rCorr   .          Rampage  .   U - +1 pair of gloves
Will    .....      Clarity  +   n - +0 pair of boots
Stlth   ++++......              y - amulet of faith
HPRegen 0.19/turn               A - +6 ring of strength
MPRegen 0.16/turn               J - +6 ring of dexterity

@: about to teleport, flying
A: sickness immunity, AC +8, negative energy resistance 1, electricity
resistance, torment resistance 1, petrification resistance, big wings, hooves 1,
clarity
a: Renounce Religion, Channel Magic, Forget Spell, Divine Exegesis


You were on level 1 of the Lair of Beasts.
You worshipped Sif Muna.
Sif Muna was greatly pleased with you.
You visited 3 branches of the dungeon, and saw 13 of its levels.

You collected 644 gold pieces.

Inventory:

Hand Weapons
 a - a +3 dagger
 b - the +5 hunting sling "Muycy" {vorpal, Dex+4}
   (You found it on level 4 of the Dungeon)

   Any ammunition fired from it inflicts extra damage upon your enemies.
   Dex:       It affects your dexterity (+4).
 Q - a +1 dagger of venom (weapon)
Missiles
 g - 49 stones
 q - 16 javelins
 B - 3 throwing nets
 E - 8 poisoned darts (quivered)
 L - a curare-tipped dart
Armour
 i - a +0 cloak (worn)
 k - a +2 buckler (worn)
 n - a +0 pair of boots (worn)
 F - +0 steam dragon scales (worn)
 U - a +1 pair of gloves (worn)
Magical Staves
 r - a staff of fire
 G - a staff of conjuration
Jewellery
 f - a ring of ice
 y - an amulet of faith (around neck)
 A - a +6 ring of strength (left hand)
 J - a +6 ring of dexterity (right hand)
 N - a ring of positive energy
 O - a ring of resist corrosion
 S - an amulet of the acrobat
Wands
 c - a wand of iceblast (4)
 D - a wand of polymorph (3)
 H - a wand of flame (16)
 I - a wand of paralysis (3)
Scrolls
 d - a scroll of identify
 e - a scroll of enchant armour {unknown}
 h - a scroll of poison {unknown}
 j - 2 scrolls of fog
 l - a scroll of summoning {unknown}
 o - 2 scrolls of teleportation
 p - 2 scrolls of fear {unknown}
 s - a scroll of immolation {unknown}
 u - 2 scrolls of enchant weapon {unknown}
 w - a scroll of vulnerability {unknown}
 K - a scroll of blinking {unknown}
 M - 2 scrolls of amnesia {unknown}
 P - a scroll of magic mapping {unknown}
Potions
 m - 2 potions of resistance
 t - a potion of attraction
 v - 2 potions of curing
 x - a potion of might
 z - a potion of lignification
 C - 2 potions of berserk rage
 R - a potion of invisibility
 T - a potion of haste


   Skills:
 - Level 6.0 Throwing
 + Level 6.0 Dodging
 - Level 9.0 Stealth
 + Level 7.6 Shields
 - Level 5.0 Spellcasting
 - Level 6.4 Conjurations
 + Level 8.0 Transmutations
 - Level 10.0 Earth Magic
 - Level 6.3 Invocations


You had 11 spell levels left.
You knew the following spells:

 Your Spells              Type           Power      Damage    Failure   Level
a - Sandblast             Erth           90%        2d19      1%          1
b - Stone Arrow           Conj/Erth      74%        3d11      1%          3
c - Petrify               Tmut/Erth      41%        N/A       3%          4
A - Passwall              Tmut/Erth      34%        N/A       1%          2

Your spell library contained the following spells:

 Spells                   Type           Power      Damage    Failure   Level
 Beastly Appendage        Tmut           74%        N/A       1%          1
 Magic Dart               Conj           100%       1d8       1%          1
 Searing Ray              Conj           60%        2d6       1%          2
 Wereblood                Tmut           37%        N/A       1%          2
 Shock                    Conj/Air       68%        1d7       3%          1
 Spider Form              Tmut/Pois      21%        N/A       9%          3
 Dazzling Flash           Conj/Hex       34%        N/A       12%         3
 Apportation              Tloc           10%        N/A       14%         1
 Necrotize                Necr           20%        1d5       14%         1
 Blade Hands              Tmut           18%        N/A       14%         5
 Animate Armour           Summ/Erth      50%        N/A       19%         4
 Irradiate                Conj/Tmut      17%        3d19      21%         5
 Fulminant Prism          Conj/Hex       8%         3d7       36%         4
 Swiftness                Air            5%         N/A       38%         3
 Tukima's Dance           Hex            5%         N/A       38%         3
 Vampiric Draining        Necr           5%         2d6       38%         3
 Alistair's Intoxication  Tmut/Pois      14%        N/A       58%         5
 Yara's Violent Unravell  Hex/Tmut       10%        3d6       58%         5
 Iron Shot                Conj/Erth      18%        9d4       58%         6
 Airstrike                Air            2%         N/A       80%         4
 Passage of Golubria      Tloc           5%         N/A       80%         4
 Agony                    Necr           5%         N/A       98%         5
 Silence                  Hex/Air        2%         N/A       98%         5
 Borgnjor's Revivificati  Necr           2%         N/A       100%        8
 Necromutation            Tmut/Necr      10%        N/A       100%        8
 Death's Door             Necr           2%         N/A       100%        9
 Sublimation of Blood     Necr           Unusable   N/A       N/A         2

Dungeon Overview and Level Annotations

Branches:
Dungeon (10/15)            Temple (1/1) D:6            Lair (2/6) D:10
 Spider (0/4) Lair:2          Orc (0/2) D:10
  Swamp: Lair:2-4    Shoals: Lair:2-4

Altars:
Ashenzari
Cheibriados
Dithmenos
Elyvilon
Fedhas
Gozag
Hepliaklqana
Kikubaaqudgha
Makhleb
Nemelex Xobeh
Okawaru
Qazlal
Ru
Sif Muna
Trog
Uskayaw
Vehumet
Wu Jian
Xom
Yredelemnul
The Shining One

Shops:
D:3 =

Annotations:
D:7 Joseph
D:8 2 transporters, exclusion: 2 wights, benadryl's ghost, novice TrAr
D:9 exclusion: 3 wights


Innate Abilities, Weirdness & Mutations

You are immune to sickness and miasma.
Your stone body is resilient. (AC +8)
You are immune to poison.
You resist negative energy. (rN+)
You are resistant to electric shocks. (rElec)
You are resistant to unholy torment.
You are immune to petrification.
Your large and strong wings let you fly.
You have large cloven feet.
You possess an exceptional clarity of mind.


Message History

The helpless seven-headed hydra fails to defend itself.
You impale the seven-headed hydra!!
The seven-headed hydra is lightly wounded.
The helpless seven-headed hydra fails to defend itself.
You perforate the seven-headed hydra like a sieve!!!
The seven-headed hydra looks as sick as possible!
The seven-headed hydra is moderately wounded.
The helpless seven-headed hydra fails to defend itself.
You stick the seven-headed hydra like a pincushion!!!
The seven-headed hydra looks as sick as possible!
The seven-headed hydra is heavily wounded.
The seven-headed hydra is no longer petrified.
The seven-headed hydra misses you.
You block the seven-headed hydra's attack. x2
The seven-headed hydra closely misses you.
You block the seven-headed hydra's attack.
The seven-headed hydra bites you but does no damage. x2
As you read the scroll of teleportation, it crumbles to dust.
You feel strangely unstable. The seven-headed hydra bites you.
* * * LOW HITPOINT WARNING * * *
The seven-headed hydra bites you but does no damage.
The seven-headed hydra barely misses you.
The seven-headed hydra bites you.
* * * LOW HITPOINT WARNING * * *
The seven-headed hydra bites you but does no damage.
The seven-headed hydra misses you.
You block the seven-headed hydra's attack.
You feel better.
The seven-headed hydra bites you but does no damage.
The seven-headed hydra bites you!
You block the seven-headed hydra's attack.
The seven-headed hydra completely misses you.
The seven-headed hydra bites you but does no damage.
You block the seven-headed hydra's attack.
The seven-headed hydra bites you!
* * * LOW HITPOINT WARNING * * *
The seven-headed hydra attacks as you move away!
You block the seven-headed hydra's attack.
The seven-headed hydra bites you!
You die...

....#### #..... .... . .....#.#
#.#...##..+## ......##
##.#+.##.....#
......###.....##.....##
######.....#.......#......#..
#.................##..8...#..
##...........##..8..#.....#..8
#P............#..........(....
#............@D.......8....D.
#...........#.##.............#
##...........##.##..8..>..8...#
#.............##.##.........#..
##............# #.##...8....#..
# ##...........# #..#..........
####............# ####..#.#....
#.###...........#
##.##...#.....
.###.#..........#
#..#..........


You could see a seven-headed hydra (extremely poisoned).

Vanquished Creatures
  2 hydras (Lair:1)
  A boulder beetle (Lair:2)
  A two-headed ogre (D:10)
  3 black mambas
  Maggie (Lair:1)
  9 cane toads
  3 komodo dragons
  2 trolls
  A hornet (D:8)
  Grinder (D:5)
  5 blink frogs (Lair:1)
  A shadow (D:10)
  38 yaks
  2 wyverns
  A basilisk (Lair:1)
  2 steam dragons (D:8)
  An acid dragon (D:9)
  4 water moccasins
  Duvessa (D:6)
  3 ice beasts
  3 orc warriors
  4 black bears
  6 ogres
  3 centaurs (D:9)
  4 wolves (Lair:1)
  3 phantoms
  2 kobold brigands
  10 bullfrogs
  5 scorpions
  2 gnoll sergeants
  2 necrophages
  Dowan (D:6)
  5 killer bees
  4 howler monkeys
  An electric eel (D:9)
  2 orc priests
  5 hounds
  2 jellies (D:6)
  A gnoll shaman (D:4)
  3 iguanas
  Ijyb (D:3)
  4 orc wizards
  6 gnolls
  8 adders
  2 shadow imps
  5 worms
  2 dart slugs
  26 orcs
  4 bats (D:1)
  4 endoplasms
  11 giant cockroaches
  8 hobgoblins
  6 quokkas
  8 ball pythons
  3 frilled lizards
  7 goblins
  14 kobolds
  8 rats
277 creatures vanquished.

Vanquished Creatures (others)
  7 fungi
  3 plants
10 creatures vanquished.

Grand Total: 287 creatures vanquished

Notes
Turn   | Place    | Note
-------+----------+-------------------------------------------
     0 | D:1      | Pelinal the Gargoyle Earth Elementalist began the quest for
                  | the Orb.
     0 | D:1      | Reached XP level 1. HP: 10/10 MP: 3/3
    67 | D:1      | Reached skill level 4 in Earth Magic
   105 | D:1      | Reached XP level 2. HP: 15/15 MP: 1/5
   169 | D:1      | Learned a level 2 spell: Passwall
   526 | D:1      | Reached skill level 1 in Transmutations
   643 | D:1      | Reached XP level 3. HP: 14/19 MP: 4/6
  1161 | D:2      | Reached skill level 5 in Earth Magic
  1415 | D:2      | Reached XP level 4. HP: 20/24 MP: 7/7
  1569 | D:2      | Learned a level 3 spell: Stone Arrow
  2201 | D:3      | Noticed Ijyb
  2732 | D:3      | Reached XP level 5. HP: 28/28 MP: 6/8
  2758 | D:3      | Found a faded altar of an unknown god.
  2899 | D:3      | Found a white marble altar of Elyvilon.
  2915 | D:3      | Became a worshipper of Elyvilon the Healer
  2935 | D:3      | Reached skill level 1 in Conjurations
  3239 | D:3      | Found Urureluel's Jewellery Boutique.
  3462 | D:3      | Killed Ijyb
  3748 | D:4      | Reached skill level 6 in Earth Magic
  3868 | D:4      | Noticed a phantom
  3888 | D:4      | Killed a phantom
  3889 | D:4      | Reached XP level 6. HP: 32/32 MP: 3/9
  4047 | D:4      | Reached * piety under Elyvilon
  4074 | D:4      | Identified the +3 leather armour "Liqokapp" {Str+3}
  4076 | D:4      | Found a blossoming altar of Fedhas.
  4105 | D:4      | Found a stormy altar of Qazlal.
  4128 | D:4      | Found a large runed translucent door.
  4130 | D:4      | Found a large runed translucent door.
  4166 | D:4      | Identified the +5 hunting sling "Muycy" {vorpal, Dex+4}
  4607 | D:4      | Reached ** piety under Elyvilon
  4784 | D:5      | Entered Level 5 of the Dungeon
  4800 | D:5      | Reached XP level 7. HP: 29/36 MP: 7/10
  4890 | D:5      | Reached skill level 7 in Earth Magic
  4982 | D:5      | Noticed Grinder
  5291 | D:5      | Reached XP level 8. HP: 41/41 MP: 4/11
  5382 | D:5      | Paralysed by Grinder for 2 turns
  5386 | D:5      | Paralysed by Grinder for 3 turns
  5390 | D:5      | Killed Grinder
  5391 | D:5      | Reached skill level 5 in Invocations
  6326 | D:4      | Found a basalt altar of Yredelemnul.
  6330 | D:4      | Found a radiant altar of Vehumet.
  6481 | D:6      | Noticed Duvessa
  6481 | D:6      | Noticed Dowan
  6628 | D:6      | Found a staircase to the Ecumenical Temple.
  6679 | Temple   | Entered the Ecumenical Temple
  6783 | Temple   | Fell from the grace of Elyvilon
  6783 | Temple   | Became a worshipper of Sif Muna the Loreminder
  6871 | D:6      | Found a sacrificial altar of Ru.
  6871 | D:6      | Found an ancient bone altar of Kikubaaqudgha.
  6967 | D:6      | Noticed a yak
  6967 | D:6      | Noticed a yak
  7045 | D:6      | Noticed a yak
  7046 | D:6      | Noticed a yak
  7053 | D:6      | Killed a yak
  7131 | D:6      | Noticed a yak
  7141 | D:6      | Killed a yak
  7142 | D:6      | Reached XP level 9. HP: 45/45 MP: 3/14
  7237 | D:6      | Reached skill level 5 in Conjurations
  7295 | D:6      | Gained mutation: You have large cloven feet. [potion of
                  | mutation]
  7295 | D:6      | Gained mutation: You possess an exceptional clarity of
                  | mind. [potion of mutation]
  7295 | D:6      | Gained mutation: Your large and strong wings let you fly.
                  | [potion of mutation]
  7296 | D:6      | HP: 3/67 [yak (2)]
  7601 | D:6      | Killed Duvessa
  7679 | D:6      | Killed Dowan
  7680 | D:6      | Reached skill level 5 in Spellcasting
  8110 | D:6      | Reached skill level 5 in Stealth
  8147 | D:6      | Reached skill level 8 in Earth Magic
  8662 | D:7      | Learned a level 4 spell: Petrify
  8814 | D:7      | Reached XP level 10. HP: 34/50 MP: 6/17
  8959 | D:7      | Noticed Joseph
  9359 | D:7      | Reached skill level 9 in Earth Magic
  9658 | D:8      | Found a hide-covered altar of Uskayaw.
  9659 | D:8      | Found a shimmering altar of Xom.
 10209 | D:8      | Reached * piety under Sif Muna
 10374 | D:8      | Reached skill level 5 in Transmutations
 10590 | D:8      | Found a bloodstained altar of Trog.
 10590 | D:8      | Noticed benadryl's ghost (novice TrAr)
 10591 | D:8      | Noticed a moth of wrath
 10707 | D:8      | Found a transporter.
 11029 | D:8      | Found a transporter.
 11342 | D:9      | Reached skill level 10 in Earth Magic
 11481 | D:9      | Reached skill level 1 in Throwing
 11674 | D:9      | Reached ** piety under Sif Muna
 12704 | D:10     | Entered Level 10 of the Dungeon
 12713 | D:10     | Reached XP level 11. HP: 36/54 MP: 5/18
 13003 | D:10     | Found an ornate altar of the Wu Jian Council.
 13030 | D:10     | Found a bloodstained altar of Trog.
 13043 | D:10     | Found a staircase to the Lair.
 13074 | D:10     | Found a staircase to the Orcish Mines.
 13086 | D:10     | Found a hazy altar of Hepliaklqana.
 13215 | D:10     | Reached skill level 5 in Throwing
 13557 | D:10     | Noticed a wizard
 13770 | D:10     | Noticed a two-headed ogre
 13784 | D:10     | Killed a two-headed ogre
 13785 | D:10     | Reached skill level 1 in Shields
 13832 | Lair:1   | Entered Level 1 of the Lair of Beasts
 14154 | Lair:1   | Noticed a five-headed hydra
 14194 | Lair:1   | Killed a five-headed hydra
 14334 | Lair:1   | Noticed Maggie
 14343 | Lair:1   | Killed Maggie
 15220 | Lair:1   | Noticed a six-headed hydra
 15220 | Lair:1   | Noticed a seven-headed hydra
 15245 | Lair:1   | Killed a six-headed hydra
 15246 | Lair:1   | Reached skill level 5 in Shields
 15246 | Lair:1   | Reached XP level 12. HP: 43/59 MP: 19/19
 15340 | Lair:1   | You are sucked into a shaft and drop 1 floor!
 15359 | Lair:2   | Found a hole to the Spider Nest.
 15377 | Lair:2   | Reached *** piety under Sif Muna
 15436 | Lair:2   | Noticed a boulder beetle
 15450 | Lair:2   | Killed a boulder beetle
 15807 | Lair:2   | Reached skill level 5 in Dodging
 16689 | Lair:1   | Reached **** piety under Sif Muna
 17256 | Lair:1   | Slain by a seven-headed hydra

Illustrated notes

Levels and vault maps discovered:
D:1:      dreamdust_arrival_beginning_and_end, layout_basic
D:2:      layout_basic, serial_curves, eino_curves_04, eino_curves_02,
          nrook_uturn, minmay_small_reverse_x
D:3:      layout_loops_cross, nicolae_overflow_crystal_walls, serial_shops,
          nicolae_lakefront_shop, chequers_ecumenical_altar_island,
          small_statue_intersection, uniq_ijyb
D:4:      layout_basic, grunt_temple_overflow_forces_of_nature,
          jmf_multi_god_temple2, minmay_misc_feat_pillars, interstate_on_off,
          st_stairs_7
D:5:      layout_loops_ring, hangedman_abyss_or_decor_lesser_grid, uniq_grinder
D:6:      layout_cave_pools, gammafunk_temple_overflow_pools,
          minmay_temple_entry_tees, minivault_19, minmay_pentangle, uniq_duvessa
D:7:      layout_basic, uniq_joseph
D:8:      layout_basic, gammafunk_temple_overflow_statue,
          gammafunk_ghost_wrathful_warriors, minmay_checkerbox
D:9:      layout_cave_pods, hive_lemuel
D:10:     kennysheep_blocky_room, layout_rooms, mainiacjoe_overflow_24_doors,
          mainiacjoe_overflow_paths, bloody_trog, kennysheep_little_box,
          lair_entry_dummy, orc_0_dummy
Temple:   nicolae_temple_figure_zero
Lair:1:   layout_cave_pods, infiniplex_staircase_pool_2, grunt_megastairs_3,
          uniq_maggie
Lair:2:   layout_cave_pods, nicolae_spider_entry_non_spiders,
          beast_lair_carwin_11, serial_bayou_shore_b, lemuel_fruit_fields

Skill      XL: |  1  2  3  4  5  6  7  8  9 10 11 12 |
---------------+-------------------------------------+-----
Earth Magic    | 4 5 6 7 8 10 | 10.0
Transmutations | 1 2 4 5 6 8 |  8.0
Stealth        | 3 4 5 8 9 |  9.0
Conjurations   | 1 2 3 4 6 |  6.4
Invocations    | 3 6 |  6.3
Spellcasting   | 3 5 |  5.0
Throwing       | 3 6 |  6.0
Dodging        | 4 6 |  6.0
Shields        | 5 7 |  7.6

Action                   |  1- 3 |  4- 6 |  7- 9 | 10-12 || total
-------------------------+-------+-------+-------+-------++-------
Melee: Short sword       |    11 |       |       |       ||    11
       Dagger            |    24 |    36 |       |   212 ||   272
       Punch             |       |     1 |       |       ||     1
 Fire: Hunting sling     |       |   101 |    60 |    14 ||   175
Throw: Dart              |       |       |       |     5 ||     5
 Cast: Sandblast         |    41 |    52 |    26 |   128 ||   247
       Stone Arrow       |       |     1 |    62 |    91 ||   154
       Petrify           |       |       |       |    64 ||    64
Invok: Heal Other        |       |       |     1 |       ||     1
       Channel Magic     |       |       |       |     8 ||     8
Evoke: Wand              |       |       |     6 |     3 ||     9
  Use: Scroll            |       |     2 |       |     8 ||    10
       Potion            |       |     1 |     6 |     4 ||    11
 Stab: Sleeping          |     3 |     3 |       |    11 ||    17
       Petrified         |       |       |       |    91 ||    91
       Petrifying        |       |       |       |     9 ||     9
       Distracted        |       |       |       |     1 ||     1
Armor: Robe              |    20 |    27 |       |       ||    47
       Leather armour    |       |    10 |    29 |    32 ||    71
       Skin              |       |       |    18 |     6 ||    24
       Steam dragon scal |       |       |       |    78 ||    78
Dodge: Dodged            |    44 |    42 |    23 |   179 ||   288
Block: Buckler           |       |       |       |   119 ||   119

Table legend: (Time is in decaauts)
 A = Elapsed time spent in this place.
 B = Non-inter-level travel time spent in this place.
 C = Inter-level travel time spent in this place.
 D = Time resting spent in this place.
 E = Time spent auto-exploring this place.
 F = Levels seen in this place.
 G = Mean time per level.
                   A        B        C        D        E       F      G
               +--------+--------+--------+--------+--------+-----+--------+
         Total |  17339 |  16701 |    638 |   5379 |   8012 |  13 | 1333.8 |
       Dungeon |  13716 |  13096 |    620 |   3567 |   7090 |  10 | 1371.6 |
        Temple |    195 |    177 |     18 |     57 |    110 |   1 |  195.0 |
          Lair |   3427 |   3427 |      0 |   1755 |    812 |   2 | 1713.5 |
               +--------+--------+--------+--------+--------+-----+--------+

Top non-repeatable levels by time:
  Lair:1: 2131 daAuts
     D:6: 1754 daAuts
     D:8: 1555 daAuts
     D:4: 1546 daAuts
     D:3: 1505 daAuts
     D:9: 1425 daAuts
  Lair:2: 1296 daAuts
     D:5: 1272 daAuts
     D:7: 1267 daAuts
     D:1: 1157 daAuts
    D:10: 1130 daAuts
     D:2: 1100 daAuts
  Temple: 195 daAuts
